 Dungeon Crawl Stone Soup version 0.29-a0-598-gd8304a5bf4 (webtiles) character file.

Game seed: 7399239940392729756

1878 xian the Carver (level 8, -8/68 (70) HPs)
             Began as a White Draconian Fighter on June 15, 2022.
             Was a Follower of Wu Jian.
             Mangled by a wight
             ... wielding a +5 great sword of freezing
              (17 damage)
             ... on level 7 of the Dungeon.
             The game lasted 00:20:23 (7380 turns).

xian the Carver (White Draconian Fighter)           Turns: 7380, Time: 00:20:24

HP:   -8/68 (70)    AC: 11    Str: 26    XL:     8   Next: 91%
MP:   8/8           EV: 13    Int:  8    God:    Wu Jian [*.....]
Gold: 378           SH:  5    Dex: 12    Spells: 7/7 levels left

rFire   . . .      SeeInvis .   a - +1 long sword (venom)
rCold   + . .      Faith    .   b - +0 buckler
rNeg    . . .      Spirit   .   (body armour unavailable)
rPois   .          Reflect  .   (helmet restricted)
rElec   .          Harm     .   h - +1 cloak
rCorr   .          Rampage  .   e - +2 pair of gloves
Will    .....                   (no boots)
Stlth   ++........              r - amulet of the acrobat
HPRegen 0.21/turn               d - +6 ring of strength
MPRegen 0.11/turn               (no ring)

@: lightly drained
A: breathe frost, AC +6, unfitting armour, cold resistance 1, cold-blooded
a: Breathe Frost, Renounce Religion


You were on level 7 of the Dungeon.
You worshipped Wu Jian.
Wu Jian was aware of your devotion.
You visited 1 branch of the dungeon, and saw 7 of its levels.

You collected 378 gold pieces.

Inventory:

Hand Weapons
 a - a +1 long sword of venom (weapon)
 y - a +2 shortbow of flaming
Missiles
 l - 4 poisoned darts (quivered)
 p - 2 throwing nets
 q - 5 atropa-tipped darts
Armour
 b - a +0 buckler (worn)
 e - a +2 pair of gloves (worn)
 h - a +1 cloak (worn)
 k - the +8 ring mail of Vamiwo {rF++ rN+ Str+4}
   (You took it off an orc on level 5 of the Dungeon)

   Str:       It affects your strength (+4).
   rF:        It greatly protects you from fire.
   rN:        It protects you from negative energy.
Jewellery
 d - a +6 ring of strength (left hand)
 j - a +4 ring of evasion
 r - an amulet of the acrobat (around neck)
Wands
 m - a wand of mindburst (2)
 s - a wand of iceblast (13)
Scrolls
 t - a scroll of teleportation
 w - a scroll of enchant weapon
 x - a scroll of amnesia {unknown}
Potions
 c - 3 potions of might
 f - a potion of invisibility {unknown}
 g - 3 potions of curing
 i - a potion of brilliance {unknown}
 n - 3 potions of lignification {unknown}
 o - a potion of flight {unknown}
 u - a potion of mutation {unknown}
 v - a potion of degeneration {unknown}


   Skills:
 + Level 5.9 Fighting
 + Level 8.1 Long Blades
 + Level 5.4 Dodging
 + Level 2.7 Stealth
 + Level 4.8 Shields


You had 7 spell levels left.
You didn't know any spells.
Your spell library contained the following spells:

 Spells                   Type           Power      Damage    Failure   Level
 Apportation              Tloc           0%         N/A       50%         1
 Beastly Appendage        Tmut           0%         N/A       50%         1
 Blink                    Tloc           0%         N/A       63%         2
 Wereblood                Tmut           0%         N/A       63%         2
 Lesser Beckoning         Tloc           0%         N/A       86%         3
 Ozocubu's Armour         Ice            0%         N/A       86%         3
 Spider Form              Tmut/Pois      0%         N/A       86%         3
 Alistair's Intoxication  Tmut/Pois      0%         N/A       100%        5
 Manifold Assault         Tloc           0%         N/A       100%        5
 Metabolic Englaciation   Hex/Ice        0%         N/A       100%        5
 Simulacrum               Ice/Necr       0%         N/A       100%        6


Dungeon Overview and Level Annotations

Branches:
Dungeon (7/15)             Temple (0/1) D:6

Altars:
Ashenzari
Nemelex Xobeh
Wu Jian
Xom
Yredelemnul

Shops:
D:3 (


Innate Abilities, Weirdness & Mutations

You can breathe waves of freezing cold which knock back foes.
Your icy white scales are hard. (AC +6)
You cannot fit into any form of body armour.
Your flesh is cold resistant. (rC+)
You are cold-blooded and may be slowed by cold attacks.


Message History

Found 24 stones.
Found a scimitar. 3 wights come into view.
A wight is wielding a +5 scimitar of freezing.
A wight is wielding a +5 great sword of freezing.
Found 10 gold pieces and a ring mail.
You closely miss the wight.
The wight hits you with a +5 scimitar of freezing!
The wight freezes you.
You hit the wight.
Your tail-slap misses the wight.
The wight is moderately damaged.
The wight hits you with a +5 scimitar of freezing!
You feel drained. The wight freezes you.
You barely miss the wight.
The wight is moderately damaged.
The wight hits you with a +5 great sword of freezing.
You block the wight's attack.
You hit the wight.
The wight is heavily damaged.
The wight barely misses you. The wight closely misses you.
You barely miss the wight.
The wight is heavily damaged.
The wight hits you with a +5 great sword of freezing!
The wight freezes you.
The wight hits you with a +5 scimitar of freezing!
The wight freezes you.
You hit the wight.
The wight is heavily damaged.
The wight barely misses you. The wight hits you but does no damage.
Unknown command.
Unknown command.
You slash the wight!
The wight is heavily damaged.
The wight hits you with a +5 great sword of freezing!
* * * LOW HITPOINT WARNING * * *
The wight freezes you.
* * * LOW HITPOINT WARNING * * *
You hit the wight but do no damage.
The wight is heavily damaged.
The wight hits you with a +5 great sword of freezing!
You die...

###.# #########...#
#..)........#
#####..≈≈≈≈≈≈≈..#
#...'..≈#####≈..#
#.###..≈#...#≈.######### #.#
#..≈#.∩))≈.........+
##.###..≈#.))#≈.#########...
........≈#####≈.@zz.........
##.####.≈≈≈≈≈≈≈.##.##.......
#.####.........##.# .......
.....#.####.#####.# z.z..).
####.#.# #.# #.# .$..... #
#.#.# #.# #.# .......
#####.#.###..# #(# §......
...>........## ... §.z....
#.#####.##.## .≈≈


You could see 2 wights.

Vanquished Creatures
  Menkaure (D:7)
  A water moccasin (D:5)
  An orc warrior (D:6)
  A black bear (D:7)
  An ice beast (D:5)
  2 ogres
  2 centaurs
  A kobold brigand (D:7)
  A necrophage (D:5)
  2 scorpions
  2 hounds
  A jelly (D:6)
  Crazy Yiuf (D:3)
  2 orc priests
  2 gnoll shamans
  4 iguanas
  5 orc wizards
  Ijyb (D:3)
  8 gnolls
  9 adders
  2 white imps
  2 worms
  A dart slug (D:3)
  20 orcs
  9 endoplasms
  8 giant cockroaches
  10 hobgoblins
  6 jackals
  7 quokkas
  8 ball pythons
  4 bats
  A frilled lizard (D:1)
  6 goblins
  8 kobolds
  10 rats
150 creatures vanquished.

Notes
Turn   | Place    | Note
-------+----------+-------------------------------------------
     0 | D:1      | xian the Draconian Fighter began the quest for the Orb.
     0 | D:1      | Reached XP level 1. HP: 19/19 MP: 1/1
     2 | D:1      | Found a runed translucent door.
   449 | D:1      | Reached XP level 2. HP: 22/26 MP: 2/2
   507 | D:1      | Found a faded altar of an unknown god.
   698 | D:1      | Upgraded the game from 0.29-a0-582-ge82337ba6a to
                  | 0.29-a0-598-gd8304a5bf4
  1133 | D:1      | Reached XP level 3. HP: 29/33 MP: 3/3
  1331 | D:2      | Reached skill level 3 in Long Blades
  1718 | D:2      | Reached XP level 4. HP: 40/40 MP: 4/4
  1976 | D:3      | Found a runed translucent door.
  1977 | D:3      | Noticed Crazy Yiuf
  1985 | D:3      | Killed Crazy Yiuf
  2090 | D:3      | HP: 1/40 [adder (3)]
  2479 | D:3      | Found Daupeotz's Weapon Emporium.
  2480 | D:3      | Found a broken altar of Ashenzari.
  2629 | D:3      | Reached XP level 5. HP: 32/46 MP: 5/5
  2667 | D:3      | Reached skill level 4 in Long Blades
  2861 | D:3      | Noticed Ijyb
  2885 | D:3      | Killed Ijyb
  3248 | D:4      | Found a basalt altar of Yredelemnul.
  3341 | D:4      | Reached skill level 1 in Stealth
  3496 | D:4      | Reached XP level 6. HP: 45/52 MP: 6/6
  3570 | D:4      | Found an ornate altar of the Wu Jian Council.
  3577 | D:4      | Became a worshipper of the Wu Jian Council
  3645 | D:4      | Reached skill level 5 in Long Blades
  3736 | D:4      | Found a sparkling altar of Nemelex Xobeh.
  4049 | D:5      | Entered Level 5 of the Dungeon
  4147 | D:5      | Identified the +8 ring mail of Vamiwo {rF++ rN+ Str+4}
  4546 | D:5      | Noticed an ice beast
  4554 | D:5      | Your scales start taking on an icy white colour.
  4554 | D:5      | Reached XP level 7. HP: 56/60 MP: 7/7
  4554 | D:5      | Gained mutation: Your flesh is cold resistant. (rC+) [White
                  | Draconian growth]
  4581 | D:5      | Reached * piety under Wu Jian
  4725 | D:5      | Reached skill level 6 in Long Blades
  5375 | D:5      | Found a shimmering altar of Xom.
  5750 | D:6      | Reached skill level 5 in Fighting
  5780 | D:6      | Reached XP level 8. HP: 54/68 MP: 8/8
  5859 | D:6      | Found a staircase to the Ecumenical Temple.
  5980 | D:6      | Reached skill level 7 in Long Blades
  6245 | D:6      | Reached skill level 5 in Dodging
  6563 | D:7      | Noticed Menkaure
  6788 | D:7      | Killed Menkaure
  7071 | D:7      | Reached skill level 8 in Long Blades
  7256 | D:7      | Found a flagged portal.
  7380 | D:7      | Mangled by a wight

Illustrated notes

Levels and vault maps discovered:
D:1:      dpeg_arrival_caged_fury, layout_basic,
          hellmonk_ecumenical_altar_crossroads
D:2:      layout_rooms, minmay_misc_feat_alley, kennysheep_generic_room_12
D:3:      layout_basic, overflow_temple_1_default, serial_shops, shop_statue,
          uniq_crazy_yiuf_cottage, uniq_ijyb
D:4:      layout_cave_pools, nemelex_spade_bored_becter,
          nzn_wu_jian_council_hall, mainiacjoe_overflow_cross_hatched
D:5:      layout_loops_ring, mainiacjoe_overflow_alcove_1, dreamdust_gnoll_farm
D:6:      layout_basic, minmay_temple_entry_overgrown
D:7:      layout_basic, mainiacjoe_overflow_concentric_impassable,
          enter_bailey_3, st_stairs_5, uniq_menkaure

Skill      XL: |  1  2  3  4  5  6  7  8 |
---------------+-------------------------+-----
Dodging        | 3 4 5 |  5.4
Long Blades    | 3 4 5 6 8 |  8.1
Fighting       | 4 5 |  5.9
Stealth        | 1 2 |  2.7
Shields        | 4 |  4.8

Action                   |  1- 3 |  4- 6 |  7- 9 || total
-------------------------+-------+-------+-------++-------
Melee: Long sword        |   160 |   183 |   212 ||   555
       Tailslap          |    17 |    20 |    28 ||    65
Invok: Lunge             |       |     6 |    16 ||    22
       Whirlwind         |       |       |     5 ||     5
 Abil: Breathe Frost     |       |       |     4 ||     4
  Use: Scroll            |     4 |     6 |     3 ||    13
       Potion            |       |     2 |     2 ||     4
 Stab: Sleeping          |       |     2 |     5 ||     7
Armor: Skin              |    84 |    96 |    97 ||   277
Dodge: Dodged            |   126 |   147 |    94 ||   367
Block: Buckler           |    37 |    41 |    54 ||   132

Table legend: (Time is in decaauts)
 A = Elapsed time spent in this place.
 B = Non-inter-level travel time spent in this place.
 C = Inter-level travel time spent in this place.
 D = Time resting spent in this place.
 E = Time spent auto-exploring this place.
 F = Levels seen in this place.
 G = Mean time per level.
                   A        B        C        D        E       F      G
               +--------+--------+--------+--------+--------+-----+--------+
         Total |   7500 |   7375 |    125 |    502 |   4678 |   7 | 1071.4 |
       Dungeon |   7500 |   7375 |    125 |    502 |   4678 |   7 | 1071.4 |
               +--------+--------+--------+--------+--------+-----+--------+

Top non-repeatable levels by time:
     D:6: 1374 daAuts
     D:5: 1373 daAuts
     D:1: 1308 daAuts
     D:3: 1293 daAuts
     D:4: 852 daAuts
     D:2: 686 daAuts
     D:7: 612 daAuts
